 Dungeon Crawl Stone Soup version 0.21-a0-504-g2eda330 (webtiles) character file.

143 Lazav66 the Shield-Bearer (level 5, 0/36 HPs)
             Began as an Octopode Fighter on Nov 25, 2017.
             Slain by an orc wizard
             ... wielding a +0 dagger
              (6 damage)
             ... on level 3 of the Dungeon.
             The game lasted 00:03:55 (2025 turns).

Lazav66 the Shield-Bearer (Octopode Fighter)        Turns: 2025, Time: 00:03:55

Health: 0/36       AC:  1    Str: 15    XL:     5   Next: 25%
Magic:  5/5        EV: 12    Int: 10    God:
Gold:   133        SH:  9    Dex: 13    Spells: 4/4 levels left

rFire    . . .     SeeInvis .   a - +0 long sword
rCold    . . .     Gourm    .   b - +0 shield
rNeg     . . .     Faith    .   (helmet restricted)
rPois    .         Spirit   .   (no amulet)
rElec    .         Reflect  .   (no ring)
rCorr    .         Harm     .   (no ring)
MR       .....                  (no ring)
Stlth    +++.......             (no ring)
HPRegen  0.12/turn              (no ring)
MPRegen  0.09/turn              (no ring)
                                (no ring)
                                (no ring)

@: no status effects
A: almost no armour, stealthy swim, amphibious, 8 rings, constrict 8, camouflage
1, gelatinous body 1
a: no special abilities


You were on level 3 of the Dungeon.
You were hungry.

You visited 1 branch of the dungeon, and saw 3 of its levels.

You collected 133 gold pieces.

Inventory:

Hand Weapons
 a - a +0 long sword (weapon)
 q - a +2 mace of venom
 r - a +4 quarterstaff of chaos
Armour
 b - a +0 shield (worn)
Scrolls
 g - a scroll of enchant weapon {unknown}
 h - a scroll of immolation {unknown}
 i - a scroll of magic mapping {unknown}
 l - 3 scrolls of identify {unknown}
 m - a scroll of fog {unknown}
 s - a scroll of teleportation {unknown}
Potions
 c - 2 potions of might
 e - 2 potions of brilliance {unknown}
 j - a potion of magic {unknown}
 n - a potion of heal wounds {unknown}
 t - a potion of haste {unknown}
Comestibles
 d - 3 bread rations
 f - 2 chunks of flesh
 k - 3 fruits
 o - a meat ration
 p - a royal jelly


   Skills:
 + Level 3.4 Fighting
 * Level 3.7 Long Blades
 + Level 3.6 Dodging
 - Level 0.8 Stealth
 + Level 3.7 Shields


You had 4 spell levels left.
You didn't know any spells.

Dungeon Overview and Level Annotations

Branches:
Dungeon (3/15)

Altars:


Innate Abilities, Weirdness & Mutations

You cannot wear most types of armour.
You are very stealthy in the water. (Stealth+)
You are amphibious.
You can wear up to eight rings at the same time.
You can use your tentacles to constrict eight enemies at once.
Your skin changes colour to match your surroundings (Stealth+).
Your rubbery body absorbs attacks. (AC +1, EV +1)


Message History

You squeeze the orc wizard, but do no damage.
You constrict the orc wizard. The orc wizard casts a spell at you.
The magic dart hits you!
You slash the orc wizard!
The orc wizard is severely wounded.
You constrict the orc wizard.
The orc wizard escapes!
The orc wizard gestures at you while chanting.
The puff of frost hits you!
* * * LOW HITPOINT WARNING * * *
The orc wizard closely misses you.
You hit the orc wizard.
You kill the orc wizard!
The orc wizard looks satisfied for a moment.
You closely miss the orc wizard. You grab the orc wizard.
You constrict the orc wizard. The orc wizard misses you.
You hit the orc wizard.
The orc wizard is lightly wounded.
You constrict the orc wizard. The orc wizard hits you with a dagger.
You die...

#>.....#.##.#
###.........#
#.##.######
#.##.#
..##.######
#####......#
#.####.#
#.#o####.#######
#..)@<.........#
#.#......#####.#
......#####
###..... ##.(.##
##.## #.# #.


You could see an orc wizard.

Vanquished Creatures
  Crazy Yiuf (D:2)
  2 orc wizards (D:3)
  A gnoll (D:1)
  2 adders
  3 dart slugs
  A leopard gecko (D:1)
  A ball python (D:1)
  9 bats
  2 giant cockroaches
  4 goblins
  9 hobgoblins
  2 kobolds (D:1)
  A frilled lizard (D:2)
  8 rats
46 creatures vanquished.

Notes
Turn   | Place    | Note
-------+----------+-------------------------------------------
     0 | D:1      | Lazav66 the Octopode Fighter began the quest for the Orb.
     0 | D:1      | Reached XP level 1. HP: 16/16 MP: 1/1
    67 | D:1      | Reached XP level 2. HP: 17/21 MP: 2/2
   392 | D:1      | You fall through a shaft!
   557 | D:1      | Reached XP level 3. HP: 26/26 MP: 3/3
  1066 | D:2      | Found a runed door.
  1070 | D:2      | Noticed Crazy Yiuf
  1076 | D:2      | Killed Crazy Yiuf
  1076 | D:2      | Reached XP level 4. HP: 7/31 MP: 4/4
  1087 | D:2      | HP: 1/31 [poisoned by Crazy Yiuf]
  2016 | D:3      | Reached XP level 5. HP: 28/36 MP: 5/5
  2025 | D:3      | Slain by an orc wizard

Vault maps used:
D:1:      giann_wishing_wells
D:2:      first_bread, uniq_crazy_yiuf_cottage
D:3:      gammafunk_wand_slinger, old_standard_altar,
          chequers_ecumenical_altar_island, grunt_ministairs_1, uniq_sigmund

Skill      XL: |  1  2  3 |
---------------+----------+-----
Long Blades    | 3 |  3.7
Fighting       | |  3.4
Dodging        | |  3.6
Stealth        | |  0.8
Shields        | |  3.7

Action                   |  1- 3 |  4- 6 || total
-------------------------+-------+-------++-------
Melee: Long sword        |    58 |    27 ||    85
       Constrict         |    22 |     6 ||    28
       Tentacles         |     7 |     2 ||     9
 Stab: Sleeping          |    10 |     5 ||    15
  Eat: Chunk             |     1 |     2 ||     3
Armor: Skin              |     5 |     5 ||    10
Dodge: Dodged            |    26 |    13 ||    39
Block: Shield            |    26 |     9 ||    35
       Rpst.: Long sword |     8 |     3 ||    11

Table legend:
 A = Spawn XP
 B = Non-spawn XP
 C = Spawn XP percentage of total XP
 D = Spawn monster count
 E = Non-spawn monster count
 F = Spawn count percentage of total count
 G = Total turns spent on level
                    A         B        C        D         E        F      G
               +---------+---------+-------+---------+---------+-------+---------
         Total |       0 |     205 |   0.0 |       0 |      46 |   0.0 |  2025
               +---------+---------+-------+---------+---------+-------+---------
           D:1 |       0 |      65 |   0.0 |       0 |      28 |   0.0 |   896
           D:2 |       0 |      76 |   0.0 |       0 |      15 |   0.0 |  1033
           D:3 |       0 |      64 |   0.0 |       0 |       3 |   0.0 |    96
               +---------+---------+-------+---------+---------+-------+---------
